 Dungeon Crawl Stone Soup version 0.30.1-6-gbe392663c4 (webtiles) character file.

Game seed: 7741866389575083259

8950 Kurtz the Protected (level 11, -11/69 HPs)
             Began as a Tengu Fighter on Sept 20, 2023.
             Was an Elder of Okawaru.
             Killed by vampiric draining
             ... invoked by a vampire
              (20 damage)
             ... on level 9 of the Dungeon.
             The game lasted 00:14:34 (11211 turns).

Kurtz the Protected (Tengu Fighter)                Turns: 11211, Time: 00:14:35

Health: -11/69     AC: 22    Str: 21    XL:     11   Next: 38%
Magic:  13/13      EV:  6    Int: 10    God:    Okawaru [****..]
Gold:   671        SH:  8    Dex: 14    Spells: 10/10 levels left

rFire   . . .        x - +1 mace of Fedhas's Benevolence {flame, Int+2 Stlth+}
rCold   . . .        D - +0 kite shield
rNeg    . . .        l - +0 crystal plate armour
rPois   .            (helmet restricted)
rElec   .            (no cloak)
rCorr   .            i - +0 pair of gloves
SInv    .            (boots unavailable)
Will    ++...        (no amulet) Stlth
                     p - ring of willpower
HPRegen 0.31/turn    E - ring of willpower
MPRegen 0.13/turn

%: no passive effects
@: attractive, flying quickly and evasively, quick
A: beak, talons 3, nimble flight
a: Renounce Religion, Heroism, Finesse


You were on level 9 of the Dungeon.
You worshipped Okawaru.
Okawaru was greatly pleased with you.
You visited 2 branches of the dungeon, and saw 10 of its levels.
You also visited: Ossuary.

You collected 671 gold pieces.

Inventory:

Hand Weapons
 a - a +0 war axe
 x - the +1 mace of Fedhas's Benevolence (weapon) {flame, Int+2 Stlth+}
   (You found it on level 4 of the Dungeon)

   Int:       It affects your intelligence (+2).
   Stlth:     It makes you more stealthy.
Missiles
 q - 20 poisoned darts (quivered)
 G - 7 curare-tipped darts
Armour
 i - a +0 pair of gloves (worn)
 l - a +0 crystal plate armour (worn)
 D - a +0 kite shield (worn)
Jewellery
 p - a ring of willpower (left hand)
 E - a ring of willpower (right hand)
Wands
 c - a wand of paralysis (1)
 y - a wand of polymorph (7)
 z - a wand of iceblast (11)
 C - a wand of acid (13)
Scrolls
 e - 4 scrolls of fog
 f - 2 scrolls of immolation
 g - a scroll of noise
 h - a scroll of enchant armour {unknown}
 m - 5 scrolls of fear
 n - 4 scrolls of amnesia {unknown}
 o - a scroll of poison {unknown}
 s - a scroll of acquirement {unknown}
 t - 4 scrolls of teleportation
 u - 3 scrolls of magic mapping {unknown}
 w - 2 scrolls of blinking
 I - a scroll of identify
Potions
 b - a potion of ambrosia
 d - 3 potions of might
 j - 3 potions of haste
 k - a potion of flight
 r - a potion of mutation
 v - a potion of magic {unknown}
 A - 3 potions of curing
 H - a potion of lignification {unknown}
Miscellaneous
 F - a phial of floods


   Skills:
 - Level 8.8 Fighting
 * Level 10.0 Axes
 - Level 10.8 Armour
 - Level 9.1 Dodging
 - Level 3.0 Shields
 - Level 1.4 Invocations


You had 10 spell levels left.
You didn't know any spells.
Your spell library contained the following spells:

 Spells                   Type           Power      Damage    Failure   Level
 Necrotise                Necr           0%         1d4       100%        1
 Scorch                   Fire           0%         2d5       100%        2
 Vampiric Draining        Necr           0%         2d6       100%        3
 Flame Wave               Conj/Fire      0%         2d4       100%        4
 Agony                    Necr           0%         N/A       100%        5
 Chain Lightning          Conj/Air       0%         N/A       100%        9
 Fire Storm               Conj/Fire      0%         5d1       100%        9
 Shatter                  Erth           0%         3d5*      100%        9
 Summon Small Mammal      Summ           Unusable   N/A       N/A         1
 Call Canine Familiar     Summ           Unusable   N/A       N/A         3
 Summon Guardian Golem    Hex/Summ       Unusable   N/A       N/A         3
 Summon Cactus Giant      Summ           Unusable   N/A       N/A         6

Dungeon Overview and Level Annotations

Branches:
Dungeon (9/15)             Temple (1/1) D:6         Ossuary (visited)
   Lair: D:8-11         Orc: D:9-12

Altars:
Cheibriados
Dithmenos
Elyvilon
Fedhas
Hepliaklqana
Kikubaaqudgha
Makhleb
Nemelex Xobeh
Okawaru
Qazlal
Ru
Sif Muna
Uskayaw
Vehumet
Xom
Yredelemnul
The Shining One

Shops:
D:5 =   D:9 (

Annotations:
D:9 3 transporters


Innate Abilities, Weirdness & Mutations

You have a beak for a mouth.
You have claws for feet.
Your magical nature lets you fly swiftly and evasively.


Message History

You feel clever.
The +1 mace of Fedhas's Benevolence {flame, Int+2 Stlth+} bursts into flame!
x - the +1 mace of Fedhas's Benevolence (weapon)
{flame, Int+2 Stlth+} Something hits you.
Something bites you but does no damage.
You miss something. Your kick misses something.
Something hits you but does no damage. You block something's attack.
You hit something. You burn something. You block something's attack.
Something bites you but does no damage.
You completely miss something. You claw something. You peck something.
You block something's attack. x2
You barely miss something. You claw something. You peck something.
Something hits you but does no damage. Something bites you.
Something draws strength from your injuries!
Something hits you but does no damage. Something bites you but does no damage.
You hit something but do no damage. You claw something!
Your peck misses something. Something draws life force from you!
* * * LOW HITPOINT WARNING * * *
You barely miss something. Your peck misses something.
Something hits you but does no damage. Something bites you.
* * * LOW HITPOINT WARNING * * *
Something draws strength from your injuries!
You feel better. Something hits you!
* * * LOW HITPOINT WARNING * * *
Something bites you but does no damage.
You hit something. You burn something. Something hits you but does no damage.
Something bites you but does no damage.
You hit something. You burn something. Something hits you.
* * * LOW HITPOINT WARNING * * *
Something bites you but does no damage. Something hits you but does no damage.
Something completely misses you.
It was a potion of attraction.
You feel attractive to monsters. Something hits you!
* * * LOW HITPOINT WARNING * * *
Something bites you but does no damage.
You feel better. Something hits you.
* * * LOW HITPOINT WARNING * * *
You block something's attack.
You feel better. Something draws life force from you!!
You die...

....... #........#
#........# #........#
#........# #........#
#.. #........# #..#
#..{.....# #..#
#..@.....#
#..########........#
#........##........#
#..≈.8.≈.##........#
#..≈.†.≈.##........#
#..≈≈.≈≈.##........#
####..≈≈.≈≈†##........#
......≈≈.≈≈.............
...<..≈≈_≈≈.............


There were no monsters in sight!

Vanquished Creatures
  A two-headed ogre (D:8)
  An orc knight (D:7)
  An ugly thing (D:8)
  Maggie (D:8)
  A gargoyle (D:8)
  Grinder (D:3)
  A hornet (D:9)
  Sigmund (D:2)
  3 wyverns
  A spriggan (D:6)
  6 yaks (D:8)
  2 steam dragons (D:8)
  Edmund (D:4)
  An acid dragon (D:9)
  3 water moccasins
  An orc warrior (D:6)
  3 black bears
  3 sky beasts
  2 ogres
  5 centaurs
  2 phantoms
  3 kobold brigands
  Blork the orc (D:4)
  6 bullfrogs
  A gnoll sergeant (D:7)
  2 scorpions
  Dowan (D:6)
  10 killer bees
  8 howler monkeys
  3 hounds
  A jelly (D:6)
  An orc priest (D:6)
  A gnoll bouda (D:5)
  An iron imp (D:5)
  Jessica (D:3)
  10 orc wizards
  A sleepcap (D:6)
  Terence (D:2)
  3 iguanas
  Natasha (thrice) (D:2)
  12 mummies (Ossuary)
  Robin (D:3)
  9 adders
  11 gnolls
  3 shadow imps
  3 white imps (D:6)
  An ufetubus (D:7)
  3 worms
  2 dart slugs
  18 orcs
  7 endoplasms
  3 giant cockroaches
  15 goblins
  4 hobgoblins
  8 jackals
  7 quokkas
  6 ball pythons
  2 bats
  5 frilled lizards
  A gnoll skeleton (Ossuary)
  2 goblin skeletons (Ossuary)
  13 kobolds
  2 kobold skeletons (Ossuary)
  3 orc skeletons (Ossuary)
  9 rats
  11 rat skeletons (Ossuary)
260 creatures vanquished.

Notes
Turn   | Place    | Note
-------+----------+-------------------------------------------
     0 | D:1      | Kurtz the Tengu Fighter began the quest for the Orb.
     0 | D:1      | Reached XP level 1. HP: 14/14 MP: 2/2
   324 | D:1      | Reached XP level 2. HP: 19/19 MP: 3/3
   874 | D:2      | Found an ancient bone altar of Kikubaaqudgha.
   885 | D:2      | Reached XP level 3. HP: 13/23 MP: 4/4
  1032 | D:2      | Noticed Natasha
  1048 | D:2      | Killed Natasha
  1049 | D:2      | Reached skill level 1 in Dodging
  1057 | D:2      | Reached XP level 4. HP: 18/28 MP: 5/5
  1228 | D:2      | Noticed Natasha
  1239 | D:2      | Killed Natasha
  1437 | D:2      | Noticed Sigmund
  1450 | D:2      | Killed Sigmund
  1451 | D:2      | Reached skill level 5 in Axes
  1451 | D:2      | Gained mutation: Your magical nature lets you fly swiftly
                  | and evasively. [Tengu growth]
  1451 | D:2      | Reached XP level 5. HP: 25/32 MP: 6/6
  1451 | D:2      | Reached XP level 6. HP: 30/37 MP: 7/7
  1580 | D:2      | Noticed Terence
  1588 | D:2      | Killed Terence
  1683 | D:2      | Noticed Natasha
  1695 | D:2      | Killed Natasha
  1982 | D:3      | Noticed Jessica
  1989 | D:3      | Killed Jessica
  2093 | D:3      | Reached skill level 5 in Armour
  2161 | D:3      | Noticed Robin
  2172 | D:3      | Killed Robin
  2663 | D:4      | Noticed Edmund
  2685 | D:4      | Killed Edmund
  2686 | D:4      | Reached XP level 7. HP: 15/41 MP: 8/8
  2795 | D:4      | Identified the +1 mace of Fedhas's Benevolence {flame,
                  | Int+2 Stlth+}
  2861 | D:4      | Noticed Blork the orc
  2868 | D:4      | Killed Blork the orc
  2899 | D:4      | Found a shimmering blue altar of Sif Muna.
  2899 | D:4      | Found a sacrificial altar of Ru.
  2931 | D:4      | Found a burning altar of Makhleb.
  2933 | D:4      | Noticed a blizzard demon
  3227 | D:3      | Noticed Grinder
  3247 | D:3      | Killed Grinder
  3248 | D:3      | Reached XP level 8. HP: 27/46 MP: 9/9
  3328 | D:3      | Found a glowing golden altar of the Shining One.
  3328 | D:3      | Found a blossoming altar of Fedhas.
  3329 | D:3      | Found a stormy altar of Qazlal.
  3836 | D:5      | Entered Level 5 of the Dungeon
  4261 | D:5      | Found a radiant altar of Vehumet.
  4287 | D:5      | Found Dourutij's Jewellery Boutique.
  4317 | D:5      | Found a snail-covered altar of Cheibriados.
  4881 | D:5      | Reached XP level 9. HP: 43/50 MP: 10/10
  5259 | D:6      | Noticed Dowan
  5260 | D:6      | Noticed Duvessa
  5542 | D:6      | Found a staircase to the Ecumenical Temple.
  5553 | Temple   | Entered the Ecumenical Temple
  5590 | Temple   | Became a worshipper of Warmaster Okawaru
  5929 | D:6      | Duvessa changed into Duvessa the troll
  5929 | D:6      | Noticed Duvessa
  5930 | D:6      | Duvessa the troll changed into Duvessa the raiju
  5930 | D:6      | Noticed Duvessa
  5931 | D:6      | Duvessa the raiju changed into Duvessa the spriggan
  5931 | D:6      | Noticed Duvessa
  5940 | D:6      | Killed Duvessa the spriggan
  5949 | D:6      | Killed Dowan
  6139 | D:6      | Reached * piety under Okawaru
  6140 | D:6      | Reached skill level 1 in Invocations
  6163 | D:6      | Reached skill level 10 in Armour
  6229 | D:6      | You are sucked into a shaft and drop 2 floors!
  6288 | D:7      | Found a sand-covered staircase.
  6293 | Ossuary  | Entered an ossuary
  7105 | D:7      | Reached XP level 10. HP: 52/56 MP: 12/12
  7391 | D:7      | Reached skill level 5 in Dodging
  7953 | D:6      | Found a sparkling altar of Nemelex Xobeh.
  8296 | D:8      | Reached ** piety under Okawaru
  8359 | D:8      | Reached skill level 5 in Fighting
  8461 | D:8      | Noticed a two-headed ogre
  8564 | D:8      | Killed a two-headed ogre
  8920 | D:8      | Noticed a gargoyle
  8933 | D:8      | Killed a gargoyle
  9052 | D:8      | Noticed an orc knight
  9052 | D:8      | Noticed a red ugly thing
  9083 | D:8      | Noticed Maggie
  9191 | D:8      | HP: 2/60 [red ugly thing (12)]
  9192 | D:8      | Killed a red ugly thing
  9192 | D:8      | Reached *** piety under Okawaru
  9591 | D:7      | Killed an orc knight
  9592 | D:7      | Reached XP level 11. HP: 67/67 MP: 13/13
  9808 | D:8      | Reached **** piety under Okawaru
 10193 | D:9      | Found a transporter.
 10203 | D:9      | Found a white marble altar of Elyvilon.
 10203 | D:9      | Found a faded altar of an unknown god.
 10210 | D:9      | Found a faded altar of an unknown god.
 10212 | D:9      | Found a shadowy altar of Dithmenos.
 10214 | D:9      | Found a shimmering altar of Xom.
 10390 | D:8      | Killed Maggie
 10402 | D:9      | Found a transporter.
 10418 | D:9      | Found a transporter.
 10468 | D:9      | Paralysed by a hornet for 3 turns
 10475 | D:9      | Paralysed by a hornet for 1 turns
 10706 | D:9      | Found Hischidi's Antique Weapon Shoppe.
 10743 | D:9      | Identified the +1 leather armour of the Arcane {rCorr
                  | Str+2}
 10973 | D:9      | Found a hazy altar of Hepliaklqana.
 11016 | D:9      | Reached skill level 10 in Axes
 11209 | D:9      | HP: 2/69 [something (7)]
 11211 | D:9      | Killed from afar by a vampire

Illustrated notes

Levels and vault maps discovered:
D:1:      roderic_dead_forest, layout_basic
D:2:      cheibrodos_old_hovel, layout_loops_ring, basic_altar, serial_glass,
          glass_columns_a, glass_columns_b, glass_columns_c, glass_columns_b,
          glass_columns_a, glass_columns_a, solitary_fountain, uniq_terence,
          uniq_natasha, uniq_sigmund
D:3:      minmay_diamond_boxcup, layout_loops_cross,
          gammafunk_temple_overflow_claw, uniq_robin, uniq_grinder, uniq_jessica
D:4:      layout_gridville, grunt_temple_overflow_open,
          makhleb_altar_promises_db, supply_closet_lemuel, uniq_edmund,
          uniq_blork_the_orc
D:5:      layout_basic, slow_altar_1, nicolae_overflow_crystal_walls,
          serial_shops, shop, hangedman_decor_peaks_small
D:6:      layout_cave_pools, marbit_many_paths,
          minmay_temple_entry_antechambers, st_stairs_2, uniq_duvessa
D:7:      layout_loops_corners, enter_ossuary_5
D:8:      nzn_winding_woodlands_three_and_one
          [nzn_winding_woodlands_5x15_pockets, nzn_winding_woodlands_5x15_cabin,
          nzn_winding_woodlands_5x15_zeroes,
          nzn_winding_woodlands_center_diamonds], layout_loops_ring,
          wad_rectangle_vault, uniq_maggie
D:9:      layout_long_grid, mainiacjoe_overflow_catwalk,
          chequers_temple_overflow_minitemple, lair_entry_dummy, serial_shops,
          nicolae_shop_waterfront, shop_coins, shop,
          nicolae_shop_rolling_square, nicolae_shop_rolling_square,
          nicolae_diode_intersection
Temple:   hellmonk_temple_forest_ring

Skill      XL: |  1  2  3  4  5  6  7  8  9 10 11 |
---------------+----------------------------------+-----
Axes           | 3 5 6 7 9 10 | 10.0
Dodging        | 1 2 3 4 8 9 |  9.1
Armour         | 4 5 6 7 10 | 10.8
Invocations    | 1 |  1.4
Fighting       | 7 8 |  8.8
Shields        | |  3.0

Action                     |  1- 3 |  4- 6 |  7- 9 | 10-12 || total
---------------------------+-------+-------+-------+-------++-------
  Melee: War axe           |    49 |   146 |       |    27 ||   222
         Peck              |     6 |    25 |    76 |    73 ||   180
         Kick              |     6 |    32 |   107 |   108 ||   253
         Mace              |       |       |   365 |   302 ||   667
  Throw: Dart              |       |       |     4 |     7 ||    11
 Invoke: Heroism           |       |       |       |     1 ||     1
  Evoke: Wand              |       |       |     9 |    15 ||    24
    Use: Potion            |       |       |     4 |     5 ||     9
         Scroll            |       |       |     5 |     3 ||     8
   Stab: Paralysed         |       |       |     2 |    29 ||    31
 Armour: Scale mail        |     1 |       |       |       ||     1
         Crystal plate arm |    43 |   103 |   247 |   259 ||   652
  Dodge: Dodged            |     4 |    16 |    71 |    76 ||   167
  Block: Buckler           |    13 |    34 |    69 |       ||   116
         Kite shield       |       |       |       |   150 ||   150
